 Dungeon Crawl Stone Soup version 0.31.0-32-g396128a36d (webtiles) character file.

Game seed: 8440634030015845526

51 Alphaeus the Ruffian (level 3, -1/33 HPs)
             Began as a Troll Shapeshifter on Mar 18, 2024.
             Was a Believer of Ru.
             Killed from afar by an orc wizard (15 damage)
             ... with a puff of flame
             ... on level 2 of the Dungeon.
             The game lasted 00:01:46 (700 turns).

Alphaeus the Ruffian (Troll Shapeshifter)            Turns: 700, Time: 00:01:47

Health: -1/33      AC:  4    Str: 24    XL:     3   Next: 57%
Magic:  2/2        EV:  9    Int:  6    God:    Ru [**....]
Gold:   108        SH:  0    Dex:  9    Spells: 2/2 levels left

rFire   x .          .
                       - Unarmed
rCold   x . .        (no shield)
rNeg    . . .        a - +0 animal skin
rPois   .            (helmet currently unavailable)
rElec   .            (cloak currently unavailable)
rCorr   .            (gloves unavailable)
SInv    .            (boots unavailable)
Will    .....        (no amulet)
Stlth   +            (no ring)
HPRegen 1.05/turn    (no ring)
MPRegen 0.08/turn

%: no passive effects
@: beast-form
A: beast (slay +2), large, unfitting armour, claws 3, regeneration 1, shaggy fur
1, tough skin 1, temperature sensitive
a: Begin Untransformation, Renounce Religion


You were on level 2 of the Dungeon.
You worshipped Ru.
Ru was pleased with you.
You were a hulking beast.
You visited 1 branch of the dungeon, and saw 2 of its levels.

You collected 108 gold pieces.

Inventory:

Armour
 a - a +0 animal skin (worn)
Jewellery
 i - a +4 ring of slaying
 l - a +6 ring of intelligence
Talismans
 c - a beast talisman
 d - a flux talisman
Scrolls
 g - a scroll of summoning {unknown}
 h - a scroll of identify {unknown}
 k - 2 scrolls of fear {unknown}
 m - a scroll of poison {unknown}
Potions
 b - 2 potions of lignification
 e - 2 potions of heal wounds
 f - a potion of magic {unknown}
 j - a potion of might {unknown}


   Skills:
 + Level 1.3 Fighting
 - Level 1.5 Dodging
 * Level 3.7 Unarmed Combat
 * Level 3.6 Shapeshifting


You had 2 spell levels left.
You didn't know any spells.
Your spell library contained the following spells:

 Spells                   Type           Power      Damage    Failure   Level
 Sting                    Conj/Alch      0%         1d3       45%         1
 Mercury Vapours          Alch/Air       0%         N/A       58%         2
 Olgreb's Toxic Radiance  Alch           0%         N/A       99%         4


Dungeon Overview and Level Annotations

Branches:
Dungeon (2/15)

Altars:
Ru


Innate Abilities, Weirdness & Mutations

You are a hulking beast.
Your limbs bulge with bestial killing power. (Slay +2)
You are too large for most types of armour.
You have claws for hands.
Your natural rate of healing is unusually fast.
You are covered in fur. (AC +1)
You have tough skin. (AC +1)
You are sensitive to extremes of temperature. (rF-, rC-)


Message History

You hear some strange, mumbled words.
You are confused.
You redirect something's attack!
Something hits you.
* * * LOW HITPOINT WARNING * * *
You focus your inner power and blind something in retribution!
The orc barely misses you.
Things that are here:
a +0 club; a +0 leather armour It was a potion of heal wounds.
You feel much better. Something hits you. The orc barely misses you.
You're too confused to move!
The orc is no longer blind.
Something hits you. x2
The orc hits you with a +0 war axe.
You hear some strange, mumbled words.
Something tries to affect you, but you resist.
You scratch something.
You hear some strange, mumbled words.
A magic dart appears from out of thin air!
The magic dart hits you!
You feel less confused. The orc attacks as it pursues you!
The orc hits you with a +0 war axe.
You scratch the orc.
The orc is moderately wounded.
The orc misses you.
You redirect something's attack!
Something barely misses the orc.
You closely miss the orc.
The orc is lightly wounded.
The orc hits you with a +0 war axe. Something hits you.
You claw the orc!
You kill the orc!
Something hits you but does no damage. Something hits you.
Things that are here:
a +0 war axe; a +0 leather armour Something hits you but does no damage.
You hear some strange, mumbled words.
A puff of flame appears from out of thin air!
The puff of flame hits you! The fire burns you terribly!
You die...

#..[..##.........#
.#...#...#.........#######
#....#.#......$............
#.#...#(..#...............$
#.##.....##................
# #.#...#.#......†.........
.####.####.......$........
.........{.)........#####.
##.....h........$.#
#....).............
#...............####
#..............?#
#################


There were no monsters in sight!

Vanquished Creatures
  An adder (D:2)
  A dart slug (D:2)
  A ribbon worm (D:2)
  3 orcs (D:2)
  2 bats (D:1)
  An endoplasm (D:1)
  A goblin (D:2)
  2 hobgoblins (D:2)
  3 jackals (D:1)
  4 kobolds
  3 quokkas
  4 ball pythons
  A frilled lizard (D:2)
  5 rats
32 creatures vanquished.

Notes
Turn   | Place    | Note
-------+----------+-------------------------------------------
     0 | D:1      | Alphaeus the Troll Shapeshifter began the quest for the
                  | Orb.
     0 | D:1      | Reached XP level 1. HP: 18/18 MP: 0/0
   134 | D:1      | Reached skill level 1 in Fighting
   148 | D:1      | Found a faded altar of an unknown god.
   151 | D:1      | Reached XP level 2. HP: 27/27 MP: 1/1
   163 | D:1      | Prayed at the altar of an unknown god.
   163 | D:1      | Became a worshipper of Ru the Awakened
   171 | D:1      | Gained mutation: You are sensitive to extremes of
                  | temperature. (rF-, rC-) [Ru sacrifice]
   171 | D:1      | Reached * piety under Ru
   171 | D:1      | Reached ** piety under Ru
   526 | D:2      | Reached XP level 3. HP: 30/33 MP: 2/2
   635 | D:2      | Identified the +1 plate armour of the Shishi {rN++}
   700 | D:2      | Killed from afar by an orc wizard

Illustrated notes

Levels and vault maps discovered:
D:1:      nicolae_arrival_memento_mori, layout_rooms, basic_ecumenical_altar
D:2:      layout_basic, minmay_nonomino_d4, uniq_terence

Skill      XL: |  1 |
---------------+----+-----
Fighting       | 1 |  1.3
Dodging        | |  1.5
Unarmed Combat | |  3.7
Shapeshifting  | |  3.6

Action                     || total
---------------------------++-------
  Melee: Unarmed           ||    66
         Punch             ||     1
 Invoke: Sacrifice Resista ||     1
    Use: Potion            ||     1
 Armour: Animal skin       ||    66
  Dodge: Dodged            ||    31
